 Dungeon Crawl Stone Soup version 0.28.0-53-g5a82cb258f (webtiles) character file.

Game seed: 17868803436059844387

44 nickcage the Firebug (level 3, 0/19 HPs)
             Began as a Deep Elf Fire Elementalist on May 20, 2022.
             Succumbed to an adder's poison
             ... on level 2 of the Dungeon.
             The game lasted 00:04:47 (1708 turns).

nickcage the Firebug (Deep Elf Fire Elementalist)   Turns: 1708, Time: 00:04:48

Health: 0/19       AC:  2    Str:  5    XL:     3   Next: 41%
Magic:  0/9        EV: 12    Int: 21    God:
Gold:   54         SH:  0    Dex: 15    Spells: 5/8 levels left

rFire   . . .      SeeInvis .   c - staff of cold
rCold   + . .      Faith    .   (no shield)
rNeg    . . .      Spirit   .   a - +0 robe
rPois   .          Reflect  .   (no helmet)
rElec   .          Harm     .   (no cloak)
rCorr   .          Rampage  .   (no gloves)
Will    .....                   (no boots)
Stlth   ++........              (no amulet)
HPRegen 0.06/turn               (no ring)
MPRegen 0.11/turn               (no ring)

@: lethally poisoned (0 -> -2), very slightly contaminated
A: no striking features
a: no special abilities


You were on level 2 of the Dungeon.
You visited 1 branch of the dungeon, and saw 2 of its levels.

You collected 54 gold pieces.

Inventory:

Armour
 a - a +0 robe (worn)
Magical Staves
 c - a staff of cold (weapon)
Scrolls
 b - a scroll of identify {unknown}
 e - a scroll of teleportation {unknown}
 f - a scroll of noise {unknown}
Potions
 d - a potion of berserk rage {unknown}


   Skills:
 - Level 0.1 Staves
 - Level 2.4 Dodging
 - Level 2.4 Stealth
 - Level 3.0 Spellcasting
 - Level 2.0 Conjurations
 + Level 4.6 Fire Magic


You had 5 spell levels left.
You knew the following spells:

 Your Spells              Type           Power      Damage    Failure   Level
a - Foxfire               Conj/Fire      68%        2x1d7     3%          1
b - Scorch                Fire           44%        2d7       3%          2

Your spell library contained the following spells:

 Spells                   Type           Power      Damage    Failure   Level
 Conjure Flame            Conj/Fire      17%        6-21      11%         3
 Inner Flame              Hex/Fire       12%        N/A       16%         3
 Flame Wave               Conj/Fire      17%        2d6       34%         4


Dungeon Overview and Level Annotations

Branches:
Dungeon (2/15)

Altars:


Message History

Flames lash the adder.
The adder hisses angrily.
The adder is almost dead.
The adder's fire resistance burns away.
The frilled lizard hisses angrily.
Flames lash the adder.
The adder is burned terribly!
You kill the adder!
You hear a shout!
A goblin comes into view. It is wielding a +0 dagger.
An adder comes into view.
Flames lash the frilled lizard.
You kill the frilled lizard!
The adder hisses angrily.
Flames lash the goblin.
You kill the goblin!
A ball python comes into view.
The adder closely misses you. The adder bites you. The adder bites you.
Flames lash the ball python.
You kill the ball python!
The adder bites you. x2
* * * LOW HITPOINT WARNING * * *
You are lethally poisoned!
The adder poisons you!
Unknown command.
You are too injured to fight recklessly!
Casting: Scorch (safe; 3% risk of failure)
Press: ? - help, Q - select action, (/) - cycle Dir - look around, f - activate You miscast Scorch.
You are very lightly contaminated with residual magic.
Nothing appears to happen.
* * * LOW HITPOINT WARNING * * *
You feel sick. The adder closely misses you.
You are too injured to fight recklessly!
You hit the adder but do no damage.
* * * LOW HITPOINT WARNING * * *
You feel sick. The adder barely misses you. The adder closely misses you.
You hit the adder but do no damage.
You die...

.###.# #....# #.#...#
## #.#
#...######.#...# #.#
#..#......#...#
#.######.#.#....†...#
#............#####..#
########.#.### #..#
#.#.# #..######
##....######.......#
.......@S†....####.##
.##...######### #..#
##... ##.## #....
#.S# ##.# #.# #.#
####.# #..#.#


You could see an adder.

Vanquished Creatures
  2 adders (D:2)
  3 worms (D:2)
  A dart slug (D:1)
  2 ball pythons
  A giant cockroach (D:2)
  A goblin (D:2)
  A hobgoblin (D:2)
  A quokka (D:2)
  2 bats
  3 frilled lizards
  2 kobolds (D:1)
19 creatures vanquished.

Vanquished Creatures (others)
  20 foxfires
20 creatures vanquished.

Grand Total: 39 creatures vanquished

Notes
Turn   | Place    | Note
-------+----------+-------------------------------------------
     0 | D:1      | nickcage the Deep Elf Fire Elementalist began the quest for
                  | the Orb.
     0 | D:1      | Reached XP level 1. HP: 10/10 MP: 6/6
   857 | D:1      | Found a faded altar of an unknown god.
  1228 | D:2      | Reached XP level 2. HP: 10/15 MP: 1/8
  1231 | D:2      | Learned a level 2 spell: Scorch
  1386 | D:2      | Reached skill level 4 in Fire Magic
  1527 | D:2      | Reached XP level 3. HP: 19/19 MP: 0/9
  1708 | D:2      | Succumbed to an adder's poison

Illustrated notes

Levels and vault maps discovered:
D:1:      minmay_arrival_cross, layout_loops_corners,
          shapermc_ecumenical_altar_mp_urbaneastern,
          chequers_serial_rivers_room_a
D:2:      layout_loops_ring, kennysheep_decorative_pillar, minmay_snake_closets,
          uniq_crazy_yiuf_cottage

Skill      XL: |  1  2 |
---------------+-------+-----
Fire Magic     | 4 |  4.6
Conjurations   | 2 |  2.0
Staves         | |  0.1
Dodging        | |  2.4
Stealth        | |  2.4
Spellcasting   | |  3.0

Action                   || total
-------------------------++-------
Melee: Staff             ||     7
       Unarmed           ||     4
 Cast: Foxfire           ||    11
       Scorch            ||    17
 Stab: Sleeping          ||     2
Dodge: Dodged            ||    10
